 Dungeon Crawl Stone Soup version 0.17.1-1-g73c8601 (webtiles) character file.

92009 Clownie the Spry (level 15, -5/67 HPs)
             Began as a Felid Monk on Dec 15, 2015.
             Was the Champion of Jiyva.
             Shot with a bolt of flame by a naga sharpshooter (28 damage)
             ... on level 2 of the Snake Pit.
             The game lasted 01:07:12 (42343 turns).

Clownie the Spry (Felid Monk)                      Turns: 42343, Time: 01:07:12

Health: -5/67      AC: 12    Str:  8    XL:     15   Next: 19%
Magic:  28/28      EV: 41    Int: 10    God:    Jiyva [******]
Gold:   847        SH:  0    Dex: 33    Spells: 0 memorised, 14 levels left
                                        Lives:  0   Deaths: 4

rFire  + + .     SeeInvis +       - Unarmed
rCold  + . .     Clarity  .     (armour unavailable)
rNeg   . . .     SustAt   .     (shield unavailable)
rPois  +         Gourm    .     (helmet unavailable)
rElec  .         Spirit   .     (cloak unavailable)
rCorr  +         Warding  .     (gloves unavailable)
rMut   .         Stasis   +     (boots unavailable)
MR     ++...                    y - amulet "Yrov" {Stasis Int+2 Dex+2}
Stlth  ++++++++..               g - +3 ring of slaying
                                N - ring "Gabaca" {rPois rF++ Int+3 Slay+3}

@: lethally poisoned (-5 -> -5), quick, very resistant to hostile enchantments,
extraordinarily stealthy
A: no armour, no weapons or thrown items, claws 1, fangs 3, iridescent scales 2,
thin metallic scales 1, see invisible, carnivore 3, speed 1, shaggy fur 3, slow
metabolism 1, gelatinous body 1, translucent skin 1, sharp paws
a: Request Jelly, Jelly Paralyse, Slimify, Cure Bad Mutation, Renounce Religion
}: 1/15 runes: slimy


You were on level 2 of the Snake Pit.
You worshipped Jiyva.
Jiyva was exalted by your worship.
You were completely stuffed.

You visited 5 branches of the dungeon, and saw 35 of its levels.
You also visited: Volcano.

You collected 2488 gold pieces.
You spent 1613 gold pieces at shops.

Inventory:

Jewellery
 g - a +3 ring of slaying (right paw)
 q - an uncursed ring of protection from magic
 s - an uncursed ring of positive energy
 y - the amulet "Yrov" (around neck) {Stasis Int+2 Dex+2}
   (You found it on level 6 of the Pits of Slime)

   [amulet of stasis]

   It prevents you from being teleported, slowed, hasted or paralysed.
   It affects your intelligence (+2).
   It affects your dexterity (+2).
 N - the ring "Gabaca" (left paw) {rPois rF++ Int+3 Slay+3}
   (You found it on level 6 of the Pits of Slime)

   [ring of poison resistance]

   It affects your intelligence (+3).
   It affects your accuracy and damage with ranged weapons and melee attacks
   (+3).
   It greatly protects you from fire.
   It protects you from poison.
 O - an uncursed amulet of resist mutation
Wands
 b - a wand of lightning (0)
 n - a wand of hasting (4)
 u - a wand of enslavement (11)
 v - a wand of fire (0)
 B - a wand of teleportation (4)
 G - a wand of confusion (32)
 J - a wand of paralysis (9)
 K - a wand of draining (0)
 S - a wand of disintegration (0)
Scrolls
 d - a scroll of vulnerability
 e - 4 scrolls of immolation
 f - 3 scrolls of magic mapping
 h - 7 scrolls of recharging
 i - 7 scrolls of remove curse
 l - a scroll of summoning
 o - 6 scrolls of teleportation
 r - a scroll of fear
 t - 8 scrolls of amnesia
 w - 4 scrolls of blinking
 z - a scroll of silence
 F - 3 scrolls of fog
 I - 3 scrolls of torment
Potions
 j - 2 potions of cancellation
 m - 8 potions of brilliance
 x - 14 potions of curing
 A - 2 potions of magic
 D - a potion of resistance
 H - 2 potions of heal wounds
 M - 3 potions of flight
 Q - 2 potions of agility
 T - a potion of berserk rage
Books
 R - a Grand Grimoire

   Spells                             Type                      Level
   a - Monstrous Menagerie            Summoning                    6
   b - Summon Greater Demon           Summoning                    7
   c - Malign Gateway                 Summoning/Translocation      7
   d - Summon Horrible Things         Summoning                    8
 W - the Collected Works on the Escort and the Rocks
   (You found it on level 6 of the Pits of Slime)

   Spells                             Type                      Level
   a - Summon Butterflies             Summoning                    1
   b - Recall                         Summoning/Translocation      3
   c - Lee's Rapid Deconstruction     Earth                        5
   d - Summon Demon                   Summoning                    5
   e - Statue Form                    Transmutation/Earth          6
 X - a book of the Dragon

   Spells                             Type                      Level
   a - Flame Tongue                   Conjuration/Fire             1
   b - Cause Fear                     Hexes                        4
   c - Bolt of Fire                   Conjuration/Fire             6
   d - Dragon Form                    Transmutation                7
   e - Dragon's Call                  Summoning                    9
 Y - a book of Dreams

   Spells                             Type                      Level
   a - Ensorcelled Hibernation        Hexes/Ice                    2
   b - Phase Shift                    Translocation                5
   c - Shadow Creatures               Summoning                    5
   d - Silence                        Hexes/Air                    5
   e - Darkness                       Hexes                        6
   f - Mass Confusion                 Hexes                        6
Miscellaneous
 c - a box of beasts
 p - a plain deck of changes {drawn: 5}
 P - a plain deck of wonders {drawn: 2}
 V - a stone of tremors
 Z - a fan of gales (inert)
Comestibles
 a - 17 meat rations
 k - 6 slices of pizza
 E - 4 beef jerkies
 L - 2 royal jellies


   Skills:
 - Level 9.0 Fighting
 - Level 18.0 Dodging
 - Level 13.2 Stealth
 + Level 17.8 Unarmed Combat
 - Level 16.0 Evocations


You had 14 spell levels left.
You didn't know any spells.

Dungeon Overview and Level Annotations

Branches:
Dungeon (15/15)            Temple (0/1) D:4            Lair (8/8) D:8
  Swamp (0/4) Lair:4        Snake (2/4) Lair:6        Slime (6/6) Lair:8
    Orc (4/4) D:10            Elf (0/3) Orc:4        Vaults (0/5) D:14
 Depths (0/5) D:15

Altars:
Ashenzari
Elyvilon
Fedhas
Gozag
Makhleb
Okawaru
Sif Muna
Trog
Xom
Beogh
Jiyva

Shops:
D:8 %   Orc:4 *([*

Annotations:
D:10 exclusion: 2 oklob saplings
Slime:6 Royal Jelly


Innate Abilities, Weirdness & Mutations

You cannot wear armour.
You are incapable of wielding weapons or throwing items.
You have sharp claws.
You have razor-sharp teeth.
You have supernaturally acute eyesight.
You are carnivorous and can eat meat at any time.
You cover ground quickly.
Your thick and shaggy fur keeps you warm (AC +3, rC+).
You have a slow metabolism.
Your sharp claws are effective at attacking unaware monsters.
You are mostly covered in iridescent scales (AC +6).
You are partially covered in thin metallic scales (AC +2).
Your rubbery body absorbs attacks (AC +1).
Your skin is partially translucent (Stealth, -foe acc).


Message History

Unknown command.
Evoke which item? (* to show all) (? for menu, Esc to quit)
Zapping:
G - a wand of confusion (33)
Press: ? - help, Shift-Dir - straight line, f/p - naga sharpshooter
Aim: a naga sharpshooter, wielding an arbalest and wearing a robe (catching its breath, chance to defeat MR: 24%)
The naga sharpshooter resists with almost no effort.
This wand has 32 charges left.
The naga sharpshooter shoots a bolt of flame.
The bolt of flame hits you!!
You shudder from the blast and a jelly pops out!
The bolt of flame burns you.
You hear an angry hiss.
Evoke which item? (* to show all) (? for menu, Esc to quit)
Okay, then.
You swap places.
You feel sick.
The naga sharpshooter gestures wildly while chanting.
The naga sharpshooter magically shoots a bolt of flame.
The bolt of flame hits you!!
You die...

#.....).......)#
#.
...............###
##
...............#.#
######
.......<......#.#
##..#..
%............#..#
##.##...
..........##:..##
#.###...
.......#.#####.#
#.# #.##
......#..#...##
##.###.## ...####
#@### ##...##.##
.. #(.# #.(..)..#.
#NJ.##
###...##.#.#
.%SN#.#
##...##.#####
#....N###
#.(..#######.
....#
#.##....#..## ..##
#..##.......# .
###..######...#
#.......####.##


You could see a naga sharpshooter, a salamander and a friendly death ooze.

Vanquished Creatures
  Rupert (Lair:3)
  A greater naga (Snake:2)
  Donald (Orc:4)
  A juggernaut zombie (D:15)
  4 vault guards
  7 hydras
  A naga warrior (Snake:1)
  A rakshasa (D:15)
  An ogre mage (D:15)
  5 catoblepae
  4 anacondas
  3 centaur warriors
  A vampire mage (D:15)
  The ghost of Gargoyl the Protected, a novice DsAK of Lugonu (Lair:1)
  2 shock serpents (Snake:2)
  18 death yaks
  A queen ant (Lair:4)
  Urug (Lair:3)
  3 orc high priests (Orc:4)
  7 naga sharpshooters
  The ghost of Clownie the Spry, a journeyman FeMo (Lair:3)
  2 skeletal warriors (D:15)
  The ghost of Rex the Cleaver, a novice MiFi (D:7)
  7 hill giants
  A necromancer (D:15)
  3 griffons
  An orc knight (Orc:3)
  A wolf spider zombie (D:14)
  3 mana vipers
  6 cyclopes
  A manticore (D:13)
  15 ugly things
  An oklob plant (Lair:7)
  3 naga magi
  4 salamanders
  A guardian serpent (Snake:1)
  11 elephants
  8 black mambas
  Joseph (Lair:1)
  A torpor snail (Lair:6)
  2 molten gargoyles (Volcano)
  A kobold demonologist (D:15)
  9 spiny frogs
  A yaktaur zombie (D:15)
  4 fire drakes
  A redback zombie (D:15)
  8 komodo dragons
  2 entropy weaver zombies (D:15)
  5 two-headed ogres
  5 trolls
  Grinder (D:6)
  A trapdoor spider zombie (D:14)
  24 blink frogs
  A harpy skeleton (D:14)
  3 slime creatures (D:13)
  A spriggan (D:8)
  A vampire (D:15)
  Sigmund (D:6)
  58 yaks
  2 basilisks
  13 hippogriffs
  Eustachio (D:6)
  A steam dragon (Lair:5)
  Grum (D:8)
  3 deep elf magi
  2 vampire mosquitoes (D:11)
  2 insubstantial wisps (D:11)
  Menkaure (D:5)
  3 wyverns
  6 wargs (Orc:4)
  15 nagas
  6 swamp worms (Lair:4)
  22 soldier ants
  2 hungry ghosts
  Duvessa (D:5)
  15 water moccasins
  9 wolves
  4 phantoms
  12 porcupines
  17 orc warriors
  16 ogres
  A wasp (D:14)
  6 sky beasts
  17 centaurs
  2 spiders (D:10)
  2 necrophages
  18 big kobolds
  10 crocodiles
  A brain worm (Lair:7)
  17 giant frogs
  Dowan (D:5)
  4 scorpions
  6 killer bees (D:14)
  6 wights (D:8)
  6 electric eels
  3 giant frog zombies
  6 centaur zombies
  5 crimson imps
  2 lava snakes
  10 hounds
  31 orc priests
  3 jellies
  2 giant frog skeletons
  5 centaur skeletons
  29 worker ants
  15 iguanas
  18 orc wizards
  6 hell rats (Lair:4)
  23 sheep
  The ghost of Musteatbrain the Skirmisher, a weakling DsFi (D:3)
  A hound skeleton (D:7)
  3 hound zombies
  18 adders
  9 gnolls
  65 river rats
  3 shadow imps
  2 adder zombies
  2 worms
  6 giant geckos
  133 orcs
  9 bats
  5 giant cockroaches
  5 hobgoblins
  8 jackals
  36 kobolds
  6 quokkas
  8 ball pythons
  8 giant newts
  4 goblins
  A jackal skeleton (D:7)
  A quokka skeleton (D:6)
  7 rats
1015 creatures vanquished.

Vanquished Creatures (collateral kills)
  The ghost of Musteatbrain the Slayer, a master MiFi of the Shining One (Slime:6)
  A rakshasa (D:15)
  An ogre mage (Volcano)
  3 orc high priests (Orc:4)
  2 naga sharpshooters
  A salamander mystic (Snake:1)
  A hill giant (Volcano)
  A black mamba (Snake:1)
  A cyclops (Orc:3)
  A naga mage (Snake:1)
  A troll (D:15)
  2 two-headed ogres (Volcano)
  A boulder beetle (Lair:6)
  A blink frog (Lair:7)
  A yak (Lair:7)
  A warg (Orc:4)
  2 nagas (Snake:1)
  5 orc priests (Orc:4)
  2 river rats
  4 orcs (Orc:4)
  2 plants
35 creatures vanquished.

Vanquished Creatures (others)
  8 acid blobs
  3 death oozes
  A naga warrior (Snake:1)
  An orc high priest (Orc:4)
  A black mamba (Snake:1)
  A polar bear (Lair:6)
  25 slime creatures
  2 golden eyes
  A hippogriff (Lair:3)
  A yak (Lair:7)
  A naga (Snake:2)
  2 vampire mosquitoes (D:11)
  An orc warrior (D:5)
  A porcupine (Lair:6)
  An ogre (D:5)
  2 eyes of draining
  4 giant frogs
  A scorpion (D:4)
  94 jellies
  2 orc priests (Orc:4)
  An iguana (D:5)
  5 orc wizards
  6 sheep
  4 gnolls (D:4)
  A shadow imp (D:5)
  7 river rats
  A giant gecko (D:2)
  28 orcs
  A goblin (D:3)
  A quokka (D:4)
  11 fungi
  10 plants
229 creatures vanquished.

Grand Total: 1279 creatures vanquished

Notes
Turn   | Place    | Note
--------------------------------------------------------------
     0 | D:1      | Clownie the Felid Monk began the quest for the Orb.
     0 | D:1      | Reached XP level 1. HP: 10/10 MP: 2/2
    34 | D:1      | Found a shattered altar of Ashenzari.
   257 | D:1      | Reached XP level 2. HP: 14/14 MP: 3/3
   553 | D:2      | Reached skill level 5 in Dodging
   638 | D:2      | Reached XP level 3. HP: 17/17 MP: 4/4
   792 | D:2      | Found a burning altar of Makhleb.
   796 | D:2      | Reached XP level 4. HP: 21/21 MP: 5/5
  1122 | D:3      | Reached skill level 5 in Unarmed Combat
  1164 | D:3      | Reached skill level 6 in Dodging
  1490 | D:3      | Reached XP level 5. HP: 24/24 MP: 6/6
  1563 | D:3      | Noticed Musteatbrain's ghost (weakling DsFi)
  1572 | D:3      | Killed Musteatbrain's ghost
  1770 | D:4      | Noticed an ogre
  2017 | D:4      | Killed an ogre
  2017 | D:4      | Reached skill level 7 in Dodging
  2017 | D:4      | Gained mutation: You are covered in thick fur (AC +2). [Felid growth]
  2017 | D:4      | Reached XP level 6. HP: 28/28 MP: 7/7
  2044 | D:4      | Noticed an ogre
  2518 | D:4      | Killed an ogre
  2597 | D:4      | Noticed a phantom
  2628 | D:4      | Killed a phantom
  2628 | D:4      | Reached skill level 8 in Dodging
  2628 | D:4      | Reached XP level 7. HP: 14/31 MP: 3/8
  2890 | D:4      | Found a staircase to the Ecumenical Temple.
  3118 | D:5      | Entered Level 5 of the Dungeon
  3412 | D:5      | Noticed Duvessa
  3412 | D:5      | Noticed Dowan
  3415 | D:5      | Killed Duvessa
  3426 | D:5      | Killed Dowan
  3426 | D:5      | Reached skill level 9 in Dodging
  3479 | D:5      | Noticed Menkaure
  3489 | D:5      | Killed Menkaure
  3522 | D:5      | Reached XP level 8. HP: 17/34 MP: 5/9
  3938 | D:5      | Found a deep blue altar of Sif Muna.
  4147 | D:6      | Noticed Eustachio
  4150 | D:6      | Killed Eustachio
  4150 | D:6      | Reached skill level 10 in Dodging
  4166 | D:6      | Noticed Sigmund
  4172 | D:6      | Killed Sigmund
  4222 | D:6      | Noticed Grinder
  4238 | D:6      | Paralysed by Grinder for 5 turns
  4250 | D:6      | Killed Grinder
  4250 | D:6      | Reached skill level 11 in Dodging
  4622 | D:6      | Reached XP level 9. HP: 37/37 MP: 10/10
  4892 | D:6      | Found a white marble altar of Elyvilon.
  4903 | D:6      | Gained mutation: You are partially covered in iridescent scales (AC +4). [mutagenic meat]
  4904 | D:6      | Gained mutation: You are mostly covered in iridescent scales (AC +6). [mutagenic meat]
  4905 | D:6      | Gained mutation: You have a pair of small antennae on your head. [mutagenic meat]
  4906 | D:6      | Gained mutation: You evolve. [mutagenic meat]
  4907 | D:6      | Gained mutation: You are resistant to electric shocks. [mutagenic meat]
  4908 | D:6      | Lost mutation: You evolve. [mutagenic meat]
  5109 | D:7      | Noticed Rex's ghost (novice MiFi)
  5118 | D:7      | Killed Rex's ghost
  5118 | D:7      | Reached skill level 12 in Dodging
  5118 | D:7      | Reached skill level 10 in Unarmed Combat
  5382 | D:7      | Reached skill level 13 in Dodging
  5403 | D:7      | Found an opulent altar of Gozag.
  5860 | D:7      | Gained mutation: You are dopey. (Int -2) [mutagenic meat]
  5861 | D:7      | Gained mutation: You are partially covered in thin metallic scales (AC +2). [mutagenic meat]
  5864 | D:7      | Lost mutation: You are mostly covered in iridescent scales (AC +6). [mutagenic meat]
  5910 | D:8      | Reached XP level 10. HP: 30/42 MP: 9/11
  5960 | D:8      | Found a staircase to the Lair.
  6378 | D:8      | Noticed Grum
  6618 | D:8      | Reached skill level 14 in Dodging
  6624 | D:8      | Killed Grum
  6686 | D:8      | Found Zeufuj's Food Shoppe.
  6818 | D:8      | Found an iron altar of Okawaru.
  7124 | D:9      | Noticed a hill giant
  7135 | D:9      | Killed a hill giant
  7135 | D:9      | Reached skill level 15 in Dodging
  7145 | D:9      | Found a bloodstained altar of Trog.
  7173 | D:9      | Found a shimmering altar of Xom.
  7474 | D:9      | Gained mutation: You are mostly covered in iridescent scales (AC +6). [mutagenic meat]
  7475 | D:9      | Gained mutation: You expend magic power (3 MP) to strengthen your wands. [mutagenic meat]
  7908 | D:10     | Entered Level 10 of the Dungeon
  7908 | D:10     | Noticed a hill giant
  7911 | D:10     | Killed a hill giant
  7911 | D:10     | Reached XP level 11. HP: 45/45 MP: 12/12
  8143 | D:10     | Found a staircase to the Orcish Mines.
  8406 | D:10     | Found a blossoming altar of Fedhas.
  8873 | D:11     | Lost mutation: You are dopey. (Int -2) [mutagenic meat]
  8874 | D:11     | Gained mutation: You are agile. (Dex +2) [mutagenic meat]
  8875 | D:11     | Gained mutation: You are frail (-10% HP). [mutagenic meat]
  8876 | D:11     | Gained mutation: Your flesh is cold resistant. [mutagenic meat]
  9048 | D:11     | Reached skill level 16 in Dodging
 10009 | D:13     | Noticed a centaur warrior
 10026 | D:13     | Killed a centaur warrior
 10026 | D:13     | Reached skill level 17 in Dodging
 10074 | D:13     | Noticed a hill giant
 10081 | D:13     | HP: 1/40 [hill giant/giant club (14)]
 10510 | D:13     | Hit by a large rock thrown by a cyclops
 10511 | D:13     | Reached XP level 10. HP: -6/37 MP: 0/11
 10870 | D:13     | Reached skill level 18 in Dodging
 10894 | D:13     | Found a shimmering altar of Xom.
 11062 | D:13     | Reached XP level 11. HP: 40/40 MP: 12/12
 11267 | D:14     | Reached skill level 5 in Stealth
 11386 | D:14     | Noticed a hill giant
 11391 | D:14     | Killed a hill giant
 11401 | D:14     | Lost mutation: You are resistant to electric shocks. [mutagenic meat]
 11470 | D:14     | Noticed an eight-headed hydra
 11491 | D:14     | Killed an eight-headed hydra
 11541 | D:14     | Noticed a centaur warrior
 11555 | D:14     | Killed a centaur warrior
 11708 | D:14     | Reached skill level 10 in Stealth
 11764 | D:14     | Noticed a vault guard
 11797 | D:14     | Killed a vault guard
 11837 | D:14     | Noticed a vault guard
 11844 | D:14     | Slain by a cyan ugly thing
 11845 | D:14     | Reached XP level 10. HP: 0/37 MP: 0/11
 11922 | D:14     | Noticed a hill giant
 11970 | D:14     | Killed a hill giant
 11970 | D:14     | Reached XP level 11. HP: 20/40 MP: 3/12
 12432 | D:14     | Reached skill level 1 in Evocations
 12452 | D:14     | Noticed a vault guard
 12482 | D:14     | Killed a vault guard
 12491 | D:14     | Noticed a vault guard
 12653 | D:13     | Killed a vault guard
 12653 | D:13     | Reached skill level 5 in Evocations
 12929 | D:14     | Killed a vault guard
 13029 | D:14     | Found a gate to the Vaults.
 13030 | D:14     | Noticed a centaur warrior
 13044 | D:14     | Killed a centaur warrior
 13354 | D:14     | Noticed a catoblepas
 13376 | D:14     | Killed a catoblepas
 13376 | D:14     | Gained mutation: Your thick and shaggy fur keeps you warm (AC +3, rC+). [Felid growth]
 13376 | D:14     | Reached XP level 12. HP: 38/43 MP: 18/18
 13588 | D:15     | Entered Level 15 of the Dungeon
 13588 | D:15     | Noticed an ogre mage
 13651 | D:13     | Killed a hill giant
 13882 | Lair:1   | Entered Level 1 of the Lair of Beasts
 14087 | Lair:1   | Noticed Gargoyl's ghost (novice DsAK)
 14129 | Lair:1   | Killed Gargoyl's ghost
 14282 | Lair:1   | Noticed Joseph
 14296 | Lair:1   | Killed Joseph
 15102 | Lair:2   | Reached skill level 5 in Fighting
 15343 | Lair:2   | Identified a scroll of acquirement
 15684 | Lair:3   | Noticed Rupert
 15733 | Lair:3   | Paralysed by Rupert for 6 turns
 15744 | Lair:3   | Slain by Rupert
 15745 | Lair:3   | Reached XP level 11. HP: -5/64 MP: 0/19
 15750 | Lair:3   | Noticed a six-headed hydra
 15750 | Lair:3   | Noticed Clownie's ghost (journeyman FeMo)
 15880 | Lair:3   | Killed Rupert
 15953 | Lair:3   | Noticed a six-headed hydra
 15962 | Lair:3   | Noticed a six-headed hydra
 15962 | Lair:3   | Killed a six-headed hydra
 15962 | Lair:3   | Reached XP level 12. HP: 38/48 MP: 15/20
 15998 | Lair:3   | Killed a six-headed hydra
 16422 | Lair:3   | Killed Clownie's ghost
 16900 | Lair:3   | Killed a six-headed hydra
 17065 | Lair:3   | Noticed Urug
 17072 | Lair:3   | Killed Urug
 17824 | Lair:4   | Reached skill level 10 in Evocations
 18858 | Lair:4   | Found a staircase to the Swamp.
 18885 | Lair:4   | Reached XP level 13. HP: 54/54 MP: 22/22
 20043 | Lair:6   | Found a staircase to the Snake Pit.
 20413 | Lair:6   | Got a heavily runed marble ring
 20467 | Lair:6   | Identified the cursed ring of Coawerazyij {+Inv MR- MP+9 Int+5 Dex-6} (You found it on level 6 of the Lair of Beasts)
 22012 | Lair:8   | Entered Level 8 of the Lair of Beasts
 22017 | Lair:8   | Reached XP level 14. HP: 57/57 MP: 26/26
 22198 | Lair:8   | Found a viscous altar of Jiyva.
 22199 | Lair:8   | Found a staircase to the Slime Pits.
 22220 | Lair:8   | Reached skill level 15 in Evocations
 22344 | Lair:8   | Became a worshipper of Jiyva Jiuhau the Shapeless
 22344 | Lair:8   | Reached * piety under Jiyva
 22344 | Lair:8   | Reached ** piety under Jiyva
 22735 | Lair:8   | Reached *** piety under Jiyva
 22776 | Lair:8   | Gained mutation: Armour fits poorly on your pseudopods. [Jiyva's grace]
 23663 | Lair:4   | Reached **** piety under Jiyva
 23997 | Lair:4   | Gained mutation: Your body is partially covered in golden eyeballs (Acc +3). [Jiyva's grace]
 25827 | Lair:3   | Gained mutation: Your mind is acute. (Int +2) [Jiyva's grace]
 25896 | Lair:3   | Reached ***** piety under Jiyva
 25957 | Lair:3   | Lost mutation: You are frail (-10% HP). [Jiyva's power]
 27556 | Lair:1   | Gained mutation: Your body is mostly covered in golden eyeballs (Acc +5). [Jiyva's grace]
 28530 | D:6      | Lost mutation: You have a pair of small antennae on your head. [Jiyva's grace]
 30334 | D:4      | Gained mutation: Your skin is partially translucent (Stealth, -foe acc). [Jiyva's grace]
 32239 | D:5      | Gained mutation: Your system is resistant to poisons. [Jiyva's grace]
 32240 | D:5      | Lost mutation: You expend magic power (3 MP) to strengthen your wands. [Jiyva's power]
 33070 | D:5      | Lost mutation: Your system is resistant to poisons. [Jiyva's grace]
 34220 | D:6      | Gained mutation: Your mind is very acute. (Int +4) [Jiyva's grace]
 35133 | D:7      | Reached ****** piety under Jiyva
 35340 | Lair:3   | Noticed a six-headed hydra
 35352 | Lair:3   | Killed a six-headed hydra
 35471 | Slime:1  | Entered Level 1 of the Pits of Slime
 35476 | Slime:1  | Noticed an acid blob
 35483 | Slime:2  | Noticed an azure jelly
 35555 | Slime:3  | Noticed an azure jelly
 35604 | Slime:4  | Noticed an azure jelly
 35605 | Slime:4  | Noticed an acid blob
 35617 | Slime:4  | Noticed an acid blob
 35637 | Slime:4  | Noticed an acid blob
 35651 | Slime:4  | Killed an acid blob
 35657 | Slime:4  | Noticed an azure jelly
 35663 | Slime:4  | Noticed an acid blob
 35677 | Slime:6  | Entered Level 6 of the Pits of Slime
 35677 | Slime:6  | Noticed an acid blob
 35682 | Slime:6  | Noticed an acid blob
 35684 | Slime:6  | Noticed Musteatbrain's ghost (master MiFi)
 35685 | Slime:6  | Noticed the royal jelly
 35686 | Slime:6  | Found a viscous altar of Jiyva.
 35686 | Slime:6  | Noticed an acid blob
 35686 | Slime:6  | Noticed an acid blob
 35687 | Slime:6  | Lost mutation: Your flesh is cold resistant. [Jiyva's grace]
 35691 | Slime:6  | Gained mutation: Your rubbery body absorbs attacks (AC +1). [Jiyva's grace]
 35692 | Slime:6  | Got a smoking ruby amulet
 35694 | Slime:6  | Lost mutation: You are agile. (Dex +2) [Jiyva's grace]
 35710 | Slime:6  | Gained mutation: Your pliable body absorbs attacks (AC +1, EV +1). [Jiyva's grace]
 35712 | Slime:6  | Noticed an acid blob
 35713 | Slime:6  | Noticed an acid blob
 35714 | Slime:6  | Killed an acid blob
 35714 | Slime:6  | Killed an acid blob
 35714 | Slime:6  | Killed an acid blob
 35726 | Slime:6  | Killed Musteatbrain's ghost
 35727 | Slime:6  | Noticed an acid blob
 35733 | Slime:6  | Got a fine platinum ring
 35735 | Slime:6  | Identified the ring "Gabaca" {rPois rF++ Int+3 Slay+3} (You found it on level 6 of the Pits of Slime)
 35737 | Slime:6  | Noticed an azure jelly
 35738 | Slime:6  | Noticed an acid blob
 35739 | Slime:6  | Noticed an azure jelly
 35739 | Slime:6  | Noticed an azure jelly
 35743 | Slime:6  | Got a slimy rune of Zot
 35746 | Slime:6  | Identified the Collected Works on the Escort and the Rocks
 35757 | Slime:6  | Killed an acid blob
 35768 | Slime:6  | Killed an acid blob
 35771 | Slime:6  | Killed an acid blob
 35863 | Slime:6  | Killed an acid blob
 35924 | Slime:6  | Identified the amulet "Yrov" {Stasis Int+2 Dex+2} (You found it on level 6 of the Pits of Slime)
 35996 | Slime:4  | Noticed an azure jelly
 36413 | D:15     | Killed an ogre mage
 36507 | D:15     | Found a staircase to the Depths.
 36508 | D:15     | Noticed a juggernaut zombie
 36520 | D:15     | Lost mutation: Your mind is very acute. (Int +4) [Jiyva's grace]
 36581 | D:15     | Reached XP level 15. HP: 33/67 MP: 28/28
 36592 | D:15     | Killed a juggernaut zombie
 36638 | D:15     | Reached skill level 15 in Unarmed Combat
 36763 | D:15     | Noticed a four-headed hydra
 36776 | D:15     | Killed a four-headed hydra
 36998 | D:15     | Gained mutation: Your body sometimes deteriorates upon taking damage. [mutagenic meat]
 37000 | D:15     | Lost mutation: Your body is mostly covered in golden eyeballs (Acc +5). [mutagenic meat]
 37002 | D:15     | Gained mutation: Your mind is very acute. (Int +4) [mutagenic meat]
 37003 | D:15     | Lost mutation: Your skin is partially translucent (Stealth, -foe acc). [mutagenic meat]
 37006 | D:15     | Lost mutation: Your body is partially covered in golden eyeballs (Acc +3). [mutagenic meat]
 37007 | D:15     | Lost mutation: Your body sometimes deteriorates upon taking damage. [Jiyva's power]
 37053 | D:15     | Noticed a rakshasa
 37065 | D:15     | Killed a rakshasa
 37197 | D:15     | HP: 2/67 [rakshasa/orb of energy (16)]
 37532 | D:15     | Gained mutation: Your system is resistant to poisons. [Jiyva's grace]
 37707 | Orc:1    | Entered Level 1 of the Orcish Mines
 37821 | Orc:1    | Gained mutation: You possess an exceptional clarity of mind. [Jiyva's grace]
 37938 | Orc:2    | Gained mutation: You are covered in slimy tendrils that may disarm your opponents. [Jiyva's grace]
 38230 | Orc:3    | Lost mutation: You possess an exceptional clarity of mind. [Jiyva's grace]
 38302 | Orc:3    | Gained mutation: You evolve. [Jiyva's grace]
 38677 | Orc:3    | Lost mutation: Your mind is very acute. (Int +4) [Jiyva's grace]
 38849 | Orc:4    | Entered Level 4 of the Orcish Mines
 38863 | Orc:4    | Found a dark tunnel.
 38869 | Volcano  | Entered a volcano
 39087 | Volcano  | Found a burning altar of Makhleb.
 39121 | Volcano  | Lost mutation: Armour fits poorly on your pseudopods. [Jiyva's grace]
 39155 | Volcano  | Lost mutation: Your mind is acute. (Int +2) [Jiyva's grace]
 39330 | Orc:4    | Found a staircase to the Elven Halls.
 39464 | Orc:4    | Found a roughly hewn altar of Beogh.
 39487 | Orc:4    | Lost mutation: Your system is resistant to poisons. [Jiyva's grace]
 39494 | Orc:4    | Gained mutation: Your skin is partially translucent (Stealth, -foe acc). [Jiyva's grace]
 39533 | Orc:4    | Found a roughly hewn altar of Beogh.
 39604 | Orc:4    | Noticed Donald
 39610 | Orc:4    | Killed Donald
 39669 | Orc:4    | Gained mutation: You regenerate slowly when monsters are visible. [Jiyva's grace]
 39670 | Orc:4    | Lost mutation: You regenerate slowly when monsters are visible. [Jiyva's power]
 39700 | Orc:4    | Found Diqupuvi's Weapon Shop.
 39700 | Orc:4    | Found Juntedwa's General Store.
 39719 | Orc:4    | Killed from afar by an orc priest
 39720 | Orc:4    | Reached XP level 14. HP: -5/64 MP: 27/27
 39754 | Orc:4    | Bought a wand of hasting (4) for 528 gold pieces
 39754 | Orc:4    | Bought an uncursed ring of protection from magic for 275 gold pieces
 39754 | Orc:4    | Bought a potion of curing for 33 gold pieces
 39754 | Orc:4    | Bought a potion of curing for 33 gold pieces
 39796 | Orc:4    | Found Qoomod's Armour Emporium.
 39819 | Orc:4    | Lost mutation: You evolve. [Jiyva's grace]
 39826 | Orc:4    | Found Doydyc's Assorted Antiques.
 39859 | Orc:4    | Bought a scroll of identify for 48 gold pieces
 39859 | Orc:4    | Bought a potion of curing for 72 gold pieces
 39859 | Orc:4    | Bought a scroll of teleportation for 72 gold pieces
 39859 | Orc:4    | Bought a potion of curing for 72 gold pieces
 39863 | Orc:4    | Bought a box of beasts for 480 gold pieces
 39869 | Orc:4    | Lost mutation: You are covered in slimy tendrils that may disarm your opponents. [Jiyva's grace]
 40661 | Lair:6   | Lost mutation: Your pliable body absorbs attacks (AC +1, EV +1). [Jiyva's grace]
 40715 | Snake:1  | Entered Level 1 of the Snake Pit
 41060 | Snake:1  | Gained mutation: You possess an exceptional clarity of mind. [Jiyva's grace]
 41228 | Snake:1  | Gained mutation: You can spit weak poison. [Jiyva's grace]
 41317 | Snake:1  | Lost mutation: You possess an exceptional clarity of mind. [Jiyva's grace]
 41496 | Snake:1  | Lost mutation: You can spit weak poison. [Jiyva's grace]
 41624 | Snake:2  | Reached XP level 15. HP: 67/67 MP: 28/28
 41843 | Snake:2  | Noticed a greater naga
 41857 | Snake:2  | Killed a greater naga
 42095 | Snake:2  | HP: 2/67 [something (28)]
 42111 | Snake:2  | Gained mutation: Your magical capacity is low (-10% MP). [Jiyva's grace]
 42112 | Snake:2  | Lost mutation: Your magical capacity is low (-10% MP). [Jiyva's power]
 42343 | Snake:2  | Shot with a bolt of flame by a naga sharpshooter

Action                   |  1- 3 |  4- 6 |  7- 9 | 10-12 | 13-15 || total
-------------------------+-------+-------+-------+-------+-------++-------
Melee: Unarmed           |    36 |   120 |   280 |  1553 |  1374 ||  3363
Invok: Cure Bad Mutation |       |       |       |       |     6 ||     6
       Request Jelly     |       |       |       |       |     1 ||     1
Evoke: Wand              |       |       |       |    17 |    40 ||    57
       Deck              |       |       |       |       |     7 ||     7
       Fan of gales      |       |       |       |       |     3 ||     3
       Stone of tremors  |       |       |       |       |     1 ||     1
       Phantom mirror    |       |       |       |       |     1 ||     1
  Use: Scroll            |       |     8 |     6 |    18 |    13 ||    45
       Potion            |       |       |     1 |    14 |     3 ||    18
 Stab: Sleeping          |    10 |    16 |    12 |    58 |    81 ||   177
       Distracted        |       |       |     1 |    11 |    23 ||    35
       Paralysed         |       |       |       |     4 |     2 ||     6
       Fleeing           |       |       |       |     1 |       ||     1
       Petrified         |       |       |       |       |     1 ||     1
       Invisible         |       |       |       |       |     3 ||     3
       Confused          |       |       |       |       |     2 ||     2
  Eat: Chunk             |       |     3 |    21 |    49 |    20 ||    93
